 Dungeon Crawl Stone Soup version 0.20-a0-622-g01f5896 (webtiles) character file.

491 dracos369 the Gusty (level 7, -2/40 HPs)
             Began as a Tengu Air Elementalist on Feb 9, 2017.
             Was a Priest of Ru.
             Killed from afar by an orc wizard (13 damage)
             ... with a puff of flame
             ... on level 5 of the Dungeon.
             The game lasted 00:22:49 (4285 turns).

dracos369 the Gusty (Tengu Air Elementalist)        Turns: 4285, Time: 00:22:50

Health: -2/40      AC:  4    Str:  9    XL:     7   Next: 14%
Magic:  4/13       EV: 12    Int: 17    God:    Ru [***...]
Gold:   19         SH:  0    Dex: 14    Spells: 2/12 levels left

rFire    x . .     SeeInvis .   o - +0 war axe
rCold    x . .     Gourm    .   a - +0 robe
rNeg     + . .     Faith    .   (no shield)
rPois    +         Spirit   .   (helmet restricted)
rElec    .         Reflect  .   (no cloak)
rCorr    .         Harm     .   m - +1 pair of gloves
MR       .....                  (boots unavailable)
Stlth    ++........             (no amulet)
Regen    0.2/turn               q - ring of poison resistance
                                h - ring of positive energy

@: about to teleport, very slightly contaminated
A: beak, talons 3, able to fly 1, temperature sensitive
a: Fly, Draw Out Power, Renounce Religion


You were on level 5 of the Dungeon.
You worshipped Ru.
Ru was most pleased with you.
You were hungry.

You visited 2 branches of the dungeon, and saw 6 of its levels.

You collected 139 gold pieces.
You spent 120 gold pieces at shops.

Inventory:

Hand Weapons
 o - a +0 war axe (weapon)
Missiles
 f - a throwing net (quivered)
Armour
 a - a +0 robe (worn)
 m - a +1 pair of gloves (worn)
Jewellery
 h - a ring of positive energy (left hand)
 q - a ring of poison resistance (right hand)
Scrolls
 d - 6 scrolls of identify
 g - 3 scrolls of teleportation
 k - 2 scrolls of immolation
 r - a scroll of remove curse
 v - a scroll of fog {unknown}
Potions
 j - a potion of heal wounds
 n - a potion of haste {unknown}
 s - 2 potions of lignification
 t - a potion of agility
 u - a potion of curing
Books
 b - a book of Air

   Spells                             Type                      Level
   a - Shock                          Conjuration/Air              1
   b - Swiftness                      Charms/Air                   2
   c - Static Discharge               Conjuration/Air              3
   d - Airstrike                      Air                          4
   e - Lightning Bolt                 Conjuration/Air              5
Comestibles
 c - 4 bread rations
 p - a meat ration
 w - 7 chunks of flesh


   Skills:
 + Level 2.5 Fighting
 - Level 2.1 Dodging
 - Level 2.0 Stealth
 + Level 3.4 Spellcasting
 + Level 5.3 Conjurations
 + Level 6.9 Air Magic


You had 2 spell levels left.
You knew the following spells:

 Your Spells              Type           Power        Failure   Level  Hunger
a - Airstrike             Air            ####......   12%         4    ####...
d - Static Discharge      Conj/Air       ###.....     6%          3    ###....
z - Shock                 Conj/Air       ###.         1%          1    None
T - Swiftness             Chrm/Air       ##......     10%         2    ##.....


Dungeon Overview and Level Annotations

Branches:
Dungeon (5/15)             Temple (1/1) D:4

Altars:
Ashenzari
Cheibriados
Dithmenos
Fedhas
Gozag
Hepliaklqana
Kikubaaqudgha
Makhleb
Nemelex Xobeh
Okawaru
Qazlal
Ru
Sif Muna
Trog
Uskayaw
Vehumet
Xom
Yredelemnul
Zin
The Shining One

Shops:
D:4 !

Annotations:
D:5 Prince Ribbit


Innate Abilities, Weirdness & Mutations

You have a beak for a mouth.
You have claws for feet.
You can fly.
You are sensitive to extremes of temperature. (rF-, rC-)


Message History

A magic dart appears from out of thin air!
The magic dart hits you!
* * * LOW HITPOINT WARNING * * *
Prince Ribbit comes into view.
As you read the scroll of teleportation, it crumbles to dust.
You feel strangely unstable.
Prince Ribbit begins to cast a spell, but is stunned by your will!
Something hits you but does no damage.
You see here a frilled lizard corpse.
Casting: Shock
Confirm with . or Enter, or press ? or * to list all spells.
Aiming: Shock
Press: ? - help, Shift-Dir - straight line, f - Prince Ribbit
Aim: Prince Ribbit The zap hits Prince Ribbit.
Prince Ribbit is lightly wounded.
You hear some strange, mumbled words.
A puff of flame appears from out of thin air!
The puff of flame hits you! The fire burns you terribly!
You die...

.. ...# #..
...# #... ###
...#
#..>####.##...#
..............#
..............#
......))......#
.....F†{.@....#
..............#
##....#########
#.... #... +...
#.) #..


You could see Prince Ribbit.

Vanquished Creatures
  3 ogres (D:4)
  An orc priest (D:4)
  2 worker ants (D:4)
  3 gnolls
  A howler monkey skeleton (D:5)
  4 adders
  A worm (D:2)
  3 dart slugs (D:1)
  2 leopard geckos
  10 orcs
  A ball python (D:1)
  3 bats
  A giant cockroach (D:2)
  5 goblins
  8 hobgoblins
  5 jackals
  4 kobolds
  9 frilled lizards
  17 rats
83 creatures vanquished.

Notes
Turn   | Place    | Note
-------+----------+-------------------------------------------
     0 | D:1      | dracos369 the Tengu Air Elementalist began the quest for the Orb.
     0 | D:1      | Reached XP level 1. HP: 10/10 MP: 4/4
   186 | D:1      | Reached XP level 2. HP: 15/15 MP: 1/6
   651 | D:1      | Reached XP level 3. HP: 6/19 MP: 2/7
  1032 | D:1      | Learned a level 2 spell: Swiftness
  1036 | D:1      | Learned a level 3 spell: Static Discharge
  1244 | D:1      | Reached skill level 5 in Air Magic
  1595 | D:2      | Reached XP level 4. HP: 21/24 MP: 5/8
  1912 | D:2      | Found a burning altar of Makhleb.
  2262 | D:3      | Found a faded altar of an unknown god.
  2285 | D:3      | Became a worshipper of Ru the Awakened
  2303 | D:3      | Gained mutation: You are sensitive to extremes of temperature. (rF-, rC-) [Ru sacrifice]
  2303 | D:3      | Reached * piety under Ru
  2303 | D:3      | Reached ** piety under Ru
  2303 | D:3      | Reached *** piety under Ru
  2721 | D:4      | Found Feduuhah's Distillery.
  2727 | D:4      | Bought a potion of agility for 48 gold pieces
  2727 | D:4      | Bought a potion of curing for 36 gold pieces
  2727 | D:4      | Bought a potion of lignification for 36 gold pieces
  2799 | D:4      | Reached skill level 6 in Air Magic
  2799 | D:4      | Gained mutation: You can fly. [Tengu growth]
  2799 | D:4      | Reached XP level 5. HP: 28/28 MP: 0/9
  2882 | D:4      | Noticed an ogre
  2885 | D:4      | Noticed an ogre
  2894 | D:4      | Killed an ogre
  2894 | D:4      | Reached skill level 1 in Fighting
  2976 | D:4      | Found a staircase to the Ecumenical Temple.
  3062 | Temple   | Entered the Ecumenical Temple
  3447 | D:4      | Found a hazy altar of Hepliaklqana.
  3635 | D:3      | Reached XP level 6. HP: 17/34 MP: 0/10
  3818 | D:4      | Learned a level 4 spell: Airstrike
  4080 | D:4      | Reached skill level 5 in Conjurations
  4223 | D:4      | Reached XP level 7. HP: 40/40 MP: 7/13
  4249 | D:5      | Entered Level 5 of the Dungeon
  4283 | D:5      | Noticed Prince Ribbit
  4285 | D:5      | Killed from afar by an orc wizard

Vault maps used:
D:1:      dpeg_arrival_ratfight, kennysheep_nondescript
D:2:      minmay_diamond_boxcup, old_standard_altar
D:3:      chequers_ecumenical_altar_island
D:4:      marbit_many_paths, minmay_temple_entry_glass, serial_shops,
          nicolae_shop_trees, first_bread, item_on_display_a
D:5:      gup_ossuary_entry_pyramid, uniq_eustachio, uniq_prince_ribbit1
Temple:   dpeg_five_rooms_temple

Skill      XL: |  1  2  3  4  5  6 |
---------------+-------------------+-----
Conjurations   | 2 3 4 5 |  5.3
Air Magic      | 5 6 |  6.9
Fighting       | 1 2 |  2.5
Spellcasting   | 3 |  3.4
Dodging        | |  2.1
Stealth        | |  2.0

Action                   |  1- 3 |  4- 6 |  7- 9 || total
-------------------------+-------+-------+-------++-------
Melee: Unarmed           |     5 |       |       ||     5
       Club              |     7 |       |       ||     7
       Kick              |     4 |     2 |     3 ||     9
       Short sword       |     8 |       |       ||     8
       Peck              |     3 |     2 |     1 ||     6
       War axe           |     2 |    13 |    16 ||    31
 Cast: Shock             |    54 |    53 |     4 ||   111
       Static Discharge  |     1 |     6 |     3 ||    10
       Airstrike         |       |     4 |       ||     4
Invok: Sacrifice Resista |       |     1 |       ||     1
  Use: Scroll            |       |       |     8 ||     8
 Stab: Sleeping          |     6 |     5 |     1 ||    12
       Distracted        |     1 |       |       ||     1
  Eat: Chunk             |     3 |    10 |       ||    13
Armor: Robe              |     7 |     6 |     7 ||    20
Dodge: Dodged            |    22 |    15 |     6 ||    43
